 Dungeon Crawl Stone Soup version 0.30-a0-760-g5a9884bb7c (webtiles) character file.

Game seed: 16047773530942252029

67153 arthad the Convoker (level 14, -13/100 HPs)
             Began as a Felid Summoner on Feb 5, 2023.
             Was an Initiate of Gozag.
             Mangled by a wolf spider (28 damage)
             ... on level 2 of the Spider Nest on Feb 11, 2023.
             The game lasted 02:31:02 (32725 turns).

arthad the Convoker (Felid Summoner)               Turns: 32725, Time: 02:31:03

Health: -13/100    AC: 17    Str:  7    XL:     14   Next: 81%
Magic:  12/31      EV: 34    Int: 30    God:    Gozag
Gold:   2214       SH:  0    Dex: 17    Spells: 4/38 levels left
                                        Lives:  0   Deaths: 4

rFire   + + .      SeeInvis +      - Unarmed
rCold   x . .      Faith    .    (shield unavailable)
rNeg    . . .      Spirit   .    (body armour unavailable)
rPois   ∞          Reflect  .    (helmet unavailable)
rElec   +          Harm     .    (cloak unavailable)
rCorr   .          Rampage  .    (gloves unavailable)
Will    ++...                    (boots unavailable) Stlth
                                 S - amulet of magic regeneration
HPRegen 0.36/turn                v - ring of wizardry
MPRegen 0.62/turn                p - ring "Anivafocw" {rPois rF++ rC- Str+3 Int+6 Stlth+}

@: berserking, storm-form, flying, studying Transmutations, very quick
A: cleaving, insubstantial, flying, very small, (claws 1), (fangs 3), see
invisible, (speed 1), (shaggy fur 3), (stealthy paws), no weapons or thrown
items, no armour, multi-lived
a: Blinkbolt, End Transformation, Renounce Religion, Potion Petition, Call
Merchant, Bribe Branch


You were on level 2 of the Spider Nest.
You worshipped Gozag.
Gozag was most pleased with you.
You were a lightning-filled tempest!
You visited 6 branches of the dungeon, and saw 29 of its levels.
You visited 1 bazaar.
You also visited: Ossuary and Bailey.

You collected 10249 gold pieces.
You spent 3789 gold pieces at shops.
You paid 4246 gold pieces to Gozag.

Inventory:

Hand Weapons
 P - the +6 shillelagh "Devastator" {shatter}
   (You found it on level 12 of the Dungeon)
Jewellery
 d - a ring of flight
 o - an amulet of regeneration
 p - the ring "Anivafocw" (right paw) {rPois rF++ rC- Str+3 Int+6 Stlth+}
   (You bought it in a shop on level 1 of the Lair of Beasts)

   [ring of intelligence]

   Str:       It affects your strength (+3).
   Int:       It affects your intelligence (+6).
   rF:        It greatly protects you from fire.
   rC:        It makes you vulnerable to cold.
   rPois:     It protects you from poison.
   Stlth:     It makes you more stealthy.
 q - a +4 ring of protection
 r - a +4 ring of protection
 u - a +6 ring of intelligence
 v - a ring of wizardry (left paw)
 B - a +6 ring of intelligence
 N - a ring of protection from fire
 R - a ring of ice
 S - an amulet of magic regeneration (around neck)
 T - a ring of fire
 U - the ring "Rothuler" {Ice rPois rN+}
   (You bought it in a shop on level 1 of the Shoals)

   [ring of ice]

   It enhances your ice magic.
   rF:        It makes you vulnerable to fire.
   rC:        It protects you from cold.
   rPois:     It protects you from poison.
   rN:        It protects you from negative energy.
 Y - a ring of fire
Wands
 i - a wand of digging (23)
 x - a wand of polymorph (22)
 A - a wand of flame (41)
 C - a wand of paralysis (11)
 X - a wand of iceblast (15)
 Z - a wand of mindburst (7)
Scrolls
 b - 8 scrolls of teleportation
 g - 8 scrolls of fog
 n - 3 scrolls of vulnerability
 s - 2 scrolls of amnesia
 t - 5 scrolls of enchant armour
 w - 3 scrolls of fear
 y - 2 scrolls of magic mapping
 z - 2 scrolls of brand weapon
 D - 3 scrolls of silence
 E - 3 scrolls of immolation
 G - 6 scrolls of poison
 I - a scroll of torment
 K - a scroll of blinking
 L - 2 scrolls of butterflies
 V - a scroll of enchant weapon
Potions
 a - 2 potions of magic
 c - 6 potions of attraction
 e - 9 potions of flight
 f - 9 potions of mutation
 h - 3 potions of cancellation
 j - 2 potions of might
 k - 2 potions of haste
 l - 9 potions of resistance
 m - a potion of ambrosia
 F - 2 potions of brilliance
 H - 4 potions of lignification
 J - 2 potions of berserk rage
 O - 2 potions of degeneration
 Q - 3 potions of curing
Miscellaneous
 M - a tin of tremorstones (2/2)
 W - a phial of floods


   Skills:
 + Level 11.1 Fighting
 + Level 14.5 Dodging
 - Level 2.6 Stealth
 * Level 5.6 Unarmed Combat
 - Level 12.8 Spellcasting
 * Level 7.5 Hexes
 - Level 16.0 Summonings
 - Level 6.2 Translocations
 * Level 13.9 Transmutations
 * Level 10.5 Air Magic
 - Level 6.0 Evocations


You had 4 spell levels left.
You knew the following spells:

 Your Spells              Type           Power      Damage    Failure   Level
c - Call Canine Familiar  Summ           86%        N/A       0%          3
d - Summon Guardian Gole  Hex/Summ       74%        N/A       1%          3
e - Summon Lightning Spi  Summ/Air       78%        N/A       1%          4
f - Storm Form            Tmut/Air       37%        N/A       6%          7
g - Tukima's Dance        Hex            59%        N/A       1%          3
h - Blink                 Tloc           100%       N/A       1%          2
i - Summon Mana Viper     Hex/Summ       74%        N/A       1%          5
j - Monstrous Menagerie   Summ           43%        N/A       1%          7

Your spell library contained the following spells:

 Spells                   Type           Power      Damage    Failure   Level
 Summon Small Mammal      Summ           100%       N/A       0%          1
 Call Imp                 Summ           86%        N/A       0%          2
 Shock                    Conj/Air       100%       1d9       1%          1
 Lesser Beckoning         Tloc           100%       N/A       1%          2
 Momentum Strike          Conj/Tloc      76%        3d10      1%          2
 Sublimation of Blood     Necr           19%        N/A       1%          2
 Dazzling Flash           Conj/Hex       82%        N/A       1%          3
 Swiftness                Air            70%        N/A       1%          3
 Airstrike                Air            35%        2d(5-21)  1%          4
 Cause Fear               Hex            29%        N/A       1%          4
 Petrify                  Tmut/Erth      57%        N/A       1%          4
 Summon Ice Beast         Ice/Summ       61%        N/A       1%          4
 Blade Hands              Tmut           40%        N/A       1%          5
 Irradiate                Conj/Tmut      28%        3d21      1%          5
 Silence                  Hex/Air        32%        N/A       1%          5
 Dragon Form              Tmut           40%        N/A       2%          7
 Agony                    Necr           19%        N/A       28%         5
 Maxwell's Capacitive Co  Air            35%        ∞         63%         8
 Dragon's Call            Summ           43%        N/A       80%         9
 Portal Projectile        Hex/Tloc       Unusable   N/A       N/A         3

Dungeon Overview and Level Annotations

Branches:
Dungeon (15/15)            Temple (1/1) D:7            Lair (5/5) D:10
 Shoals (3/4) Lair:2       Spider (3/4) Lair:2        Slime (0/5) Lair:5
    Orc (2/2) D:11            Elf (0/3) Orc:2        Vaults (0/5) D:13
 Depths (0/4) D:15        Ossuary (visited)          Bailey (visited)

Altars:
Ashenzari
Cheibriados
Dithmenos
Elyvilon
Fedhas
Gozag
Hepliaklqana
Kikubaaqudgha
Makhleb
Nemelex Xobeh
Okawaru
Qazlal
Ru
Sif Muna
Trog
Uskayaw
Vehumet
Wu Jian
Xom
Yredelemnul
Zin
The Shining One
Lugonu

Shops:
D:6 =   D:8 (   D:11 [   D:12 *   Orc:2 *((*   Lair:1 ==   Lair:5 =:
Shoals:1 *

Portals:
Abyss: Shoals:1
Trove: D:14 (give 6 scrolls of blinking)

Annotations:
D:2 1 runed translucent door, Crazy Yiuf
D:7 3 runed translucent doors, retardedninja's ghost, novice GrFi
D:8 2 transporters, sirJeffrey23's ghost, novice DrTm
D:11 3 runed translucent doors, Foxy's ghost, journeyman KoBr
Lair:3 Gastronok
Shoals:1 1 runed translucent door
Shoals:3 Bai Suzhen; Mlioglotl


Innate Abilities, Weirdness & Mutations

You are a lightning-filled tempest!
Your electrical attacks strike out in all directions at once.
You are incredibly evasive.
Your insubstantial body is immune to petrification, constriction, and being set on fire You are flying.
You are immune to poison.
((You have sharp claws.))
((You have razor-sharp teeth.))
You have supernaturally acute eyesight. (SInv)
((You cover ground quickly. (Speed+)))
((Your thick and shaggy fur keeps you warm. (AC +3, rC+)))
((Your paws help you pounce on unaware monsters.))
You are incapable of wielding weapons or throwing items.
You cannot wear armour.
You gain extra lives every three experience levels.


Message History

A demonic crawler comes into view.
The jumping spider is healed somewhat.
The teleport trap disappears.
The redback disappears!
Your butterfly is caught in a web!
Casting: Blink (safe; 1% risk of failure)
Confirm with . or Enter, or press ? or * to list all spells.
You blink.
The jumping spider leaps!
The jumping spider leaps!
The jumping spider is healed somewhat.
The jumping spider leaps!
The jumping spider leaps!
The moth of wrath bites you.
* * * LOW HITPOINT WARNING * * *
The moth of wrath infuriates you!
A red film seems to cover your vision as you go berserk!
You feel yourself moving faster!
You feel mighty!
The jumping spider leaps!
Unknown command.
Unknown command.
You are too berserk!
You are too berserk!
You batter the moth of wrath!!
The moth of wrath is moderately wounded.
You batter the wolf spider!! The wolf spider completely misses you.
The wolf spider bites you but does no damage.
The moth of wrath goads the wolf spider on!
The wolf spider goes berserk!
The jumping spider leaps!
You batter the moth of wrath!!
The moth of wrath is almost dead.
You batter the wolf spider!! The wolf spider closely misses you.
The wolf spider completely misses you. The moth of wrath bites you!
* * * LOW HITPOINT WARNING * * *
You barely miss the moth of wrath.
The moth of wrath is almost dead.
You hit the wolf spider but do no damage.
Lightning courses through the wolf spider!
You buffet the demonic crawler!
Lightning courses through the demonic crawler!
The wolf spider misses you. The wolf spider completely misses you.
The wolf spider hits you!!
You die...
Your body crumbles into a pile of gold.

..# ....# .....#.
..#....#.....# ##...#
#...#.#.. ###....^#..........
##.$..#....#......#.
#########.....$.#..#..#...##
##........°.v#...^#^..#.#...b
#....#..#.$sys.s.......^b..#.
#........#..#.#...#..#.#^#.s.
#.#.#.#.....#...#..#.}...#h..
##...$$..$°s#°...^..h..$#.....
#.....#$....#...#.s.#.#.....#.
#<$$#...#.$#.#.#....S.○##..#.b
##.##....$$#....#.....#...#.b.
#.#.....$.$#.#..........#^#b.


You could see a demonic crawler, a wolf spider (berserk), a moth of wrath (ally
target), a culicivora, a jumping spider and a friendly warg (summoned, extremely
poisoned).

Vanquished Creatures
  Donald (Orc:2)
  A broodmother (Spider:1)
  2 entropy weavers (Spider:1)
  A pharaoh ant (Spider:1)
  An orb spider (Spider:1)
  A steelbarb worm (Spider:1)
  An orc sorcerer (Orc:2)
  A harpy (Shoals:1)
  2 wolf spiders
  A faun (Shoals:2)
  3 manticores
  A torpor snail (Spider:2)
  2 merfolk sirens (Shoals:1)
  An apocalypse crab (Shoals:1)
  A demonic crawler (Spider:1)
  A komodo dragon (Lair:5)
  2 merfolk
  2 blink frogs (Lair:5)
  5 tarantellas
  A snapping turtle (Shoals:1)
  2 jumping spiders
  4 culicivoras
  A yak (Lair:5)
  9 redbacks
  2 wargs
  5 orc warriors
  An ogre (Orc:2)
  A nameless horror (Shoals:1)
  2 electric eels
  5 orc priests
  An iguana (Lair:5)
  3 orc wizards
  2 adders
  12 orcs
  2 bats
83 creatures vanquished.

Vanquished Creatures (collateral kills)
  Rupert (D:12)
  A stone giant (D:15)
  An orc warlord (Orc:2)
  Snorg (Lair:4)
  A merfolk impaler (Shoals:1)
  Josephine (D:12)
  A fire dragon (Lair:5)
  A merfolk javelineer (Shoals:2)
  2 entropy weavers
  Fannar (D:12)
  3 hydras
  Erolcha (D:10)
  A catoblepas (Shoals:2)
  An alligator snapping turtle (Shoals:1)
  A jorogumo (Spider:1)
  A merfolk avatar (Shoals:2)
  Erica (D:8)
  4 boulder beetles
  5 death yaks
  5 centaur warriors
  4 two-headed ogres
  5 orc high priests (Orc:2)
  3 sea snakes
  4 skeletal warriors (D:14)
  A pharaoh ant (Spider:1)
  3 sun moths
  A skyshark (Shoals:2)
  A swamp dragon (Lair:5)
  2 harpies (Shoals:1)
  3 wizards
  5 orb spiders
  A steelbarb worm (Spider:1)
  11 orc knights
  3 wolf spiders
  2 deep elf pyromancers
  11 fauns
  An oklob plant (Lair:1)
  18 elephants
  6 cyclopes
  A moth of wrath (Spider:1)
  4 manticores
  10 demonic crawlers
  2 ugly things (D:14)
  An apocalypse crab (Shoals:1)
  A torpor snail (Spider:1)
  8 merfolk sirens
  2 water nymphs
  7 black mambas
  A gargoyle (D:12)
  Joseph (D:7)
  8 cane toads
  2 rime drakes (Lair:5)
  2 kobold demonologists (D:11)
  Psyche (D:12)
  7 komodo dragons
  An unseen horror (D:11)
  21 merfolk
  6 trolls
  A wind drake (Shoals:2)
  4 tarantellas
  12 blink frogs
  2 snapping turtles
  5 jumping spiders
  15 slime creatures
  10 culicivoras
  A shadow (D:12)
  A water elemental (Shoals:1)
  A vampire (D:10)
  17 humans (D:13)
  8 wraiths
  5 wyverns
  33 yaks
  6 basilisks
  A hog (Spider:1)
  3 steam dragons
  6 vampire mosquitoes
  15 redbacks
  2 acid dragons (Lair:5)
  12 water moccasins
  A warg (Orc:2)
  30 orc warriors
  An ice beast (D:7)
  A swamp drake (Lair:5)
  2 black bears
  11 centaurs
  9 wolves
  An ogre (shapeshifter) (D:14)
  2 phantoms
  4 kobold brigands
  A nameless horror (Shoals:2)
  2 elf zombies (Ossuary)
  13 bullfrogs
  A scorpion (D:10)
  2 gnoll sergeants (D:11)
  5 wights (D:9)
  6 killer bees
  4 howler monkeys
  A centaur zombie (Ossuary)
  2 human zombies (Ossuary)
  10 jellies
  26 orc priests
  3 hounds
  A gnoll bouda (D:6)
  20 orc wizards
  8 iguanas
  A mummy (Ossuary)
  12 adders
  27 gnolls
  A shadow imp (D:6)
  15 white imps
  2 adder zombies (Ossuary)
  2 worms (D:2)
  3 dart slugs
  66 orcs
  8 ball pythons
  17 endoplasms
  2 giant cockroaches
  15 goblins
  10 hobgoblins
  3 quokkas
  4 bats
  6 frilled lizards
  4 hobgoblin zombies (Ossuary)
  A jackal zombie (Ossuary)
  36 kobolds
  11 kobold zombies (Ossuary)
  9 orc zombies (Ossuary)
  A rat (D:1)
  3 rat zombies (Ossuary)
791 creatures vanquished.

Vanquished Creatures (others)
  Kirke (Spider:1)
  Polyphemus (Shoals:2)
  An orc warlord (Orc:2)
  2 vault guards (D:13)
  2 hydras
  A centaur warrior (D:12)
  2 boulder beetles
  A death yak (Shoals:2)
  A two-headed ogre (D:12)
  Sonja (Lair:4)
  A skeletal warrior (D:14)
  A wizard (D:13)
  3 orc knights (Orc:2)
  An ugly thing (D:14)
  4 wolf spiders
  A manticore (Shoals:1)
  4 elephants
  A black mamba (Lair:1)
  A cane toad (Lair:4)
  Maggie (D:7)
  A komodo dragon (Lair:4)
  A troll (Orc:2)
  A merfolk (Shoals:1)
  A tarantella (Spider:2)
  A blink frog (Lair:5)
  3 culicivoras
  5 slime creatures
  A vampire (D:14)
  18 yaks
  6 dancing weapons
  3 humans (D:13)
  A vampire mosquito (D:14)
  A warg (Orc:1)
  A water moccasin (D:5)
  8 orc warriors
  An ogre (Orc:2)
  A black bear (D:10)
  A wolf (Lair:5)
  3 centaurs (D:15)
  A bullfrog (Lair:4)
  2 gnoll sergeants
  A jelly (Lair:5)
  4 orc priests
  An iguana (D:5)
  An orc wizard (D:14)
  A mummy (Ossuary)
  2 gnolls (D:11)
  4 orcs
  2 endoplasms (Lair:1)
  2 kobold zombies (Ossuary)
  51 fungi
  147 plants
308 creatures vanquished.

Grand Total: 1182 creatures vanquished

Notes
Turn   | Place    | Note
-------+----------+-------------------------------------------
     0 | D:1      | arthad the Felid Summoner began the quest for the Orb.
     0 | D:1      | Reached XP level 1. HP: 7/7 MP: 4/4
   285 | D:1      | Reached XP level 2. HP: 11/11 MP: 4/6
   412 | D:1      | Learned a level 2 spell: Call Imp
  1068 | D:2      | Found a glowing silver altar of Zin.
  1075 | D:2      | Reached skill level 5 in Summonings
  1129 | D:2      | Reached XP level 3. HP: 14/14 MP: 2/7
  1133 | D:2      | Learned a level 3 spell: Call Canine Familiar
  1555 | D:2      | Found a faded altar of an unknown god.
  1606 | D:2      | Reached skill level 1 in Hexes
  1878 | D:2      | Reached XP level 4. HP: 18/18 MP: 2/8
  2029 | D:2      | Found a runed translucent door.
  2030 | D:2      | Noticed Crazy Yiuf
  3365 | D:4      | Reached XP level 5. HP: 21/21 MP: 0/9
  3376 | D:4      | Reached skill level 1 in Fighting
  3397 | D:4      | Learned a level 3 spell: Summon Guardian Golem
  3469 | D:4      | Reached skill level 1 in Air Magic
  3710 | D:4      | Gained mutation: You are covered in thick fur. (AC +2)
                  | [Felid growth]
  3710 | D:4      | Reached XP level 6. HP: 25/25 MP: 4/11
  4139 | D:4      | Found a glowing golden altar of the Shining One.
  4207 | D:4      | Found a basalt altar of Yredelemnul.
  4210 | D:4      | Found a snail-covered altar of Cheibriados.
  4220 | D:4      | Found a burning altar of Makhleb.
  4540 | D:5      | Entered Level 5 of the Dungeon
  4550 | D:5      | Identified a scroll of acquirement
  4550 | D:5      | Acquired 744 gold pieces
  4692 | D:5      | Found a sand-covered staircase.
  4711 | D:5      | Reached XP level 7. HP: 15/30 MP: 2/13
  4719 | Ossuary  | Entered an ossuary
  4803 | Ossuary  | Reached skill level 6 in Summonings
  5666 | D:5      | Learned a level 4 spell: Summon Lightning Spire
  5733 | D:5      | Reached skill level 5 in Hexes
  5819 | D:5      | Reached XP level 8. HP: 34/34 MP: 10/15
  6189 | D:5      | Reached skill level 5 in Dodging
  7017 | D:6      | Found Raef's Jewellery Shop.
  7020 | D:6      | Bought a +6 ring of intelligence for 360 gold pieces
  7020 | D:6      | Bought a ring of wizardry for 300 gold pieces
  7187 | D:6      | Reached skill level 7 in Summonings
  7281 | D:6      | Reached skill level 5 in Spellcasting
  7680 | D:6      | Found a radiant altar of Vehumet.
  8248 | D:6      | You fall into a shaft and drop 1 floor!
  8255 | D:7      | Found a runed translucent gate.
  8268 | D:7      | Reached XP level 9. HP: 39/39 MP: 5/18
  8269 | D:7      | Found a runed translucent gate.
  8386 | D:7      | Found a runed translucent gate.
  8435 | D:7      | Noticed Maggie
  8435 | D:7      | Noticed Joseph
  8445 | D:7      | Paralysed by Maggie for 5 turns
  8458 | D:7      | Shot with a sling bullet by Joseph
  8459 | D:7      | Reached XP level 8. HP: -4/36 MP: 8/17
  8482 | D:7      | Killed Joseph
  8483 | D:7      | Reached skill level 8 in Summonings
  8484 | D:7      | Killed Maggie
  8519 | D:7      | Identified the +0 leather armour "Dol Wuse" {rF+ Int+2
                  | Stlth+}
  8728 | D:7      | Found a staircase to the Ecumenical Temple.
  8757 | Temple   | Entered the Ecumenical Temple
  8965 | Temple   | Became a worshipper of Gozag Ym Sagoz the Greedy
  9263 | D:7      | Noticed retardedninja's ghost (novice GrFi)
  9308 | D:8      | Noticed a cyclops
  9308 | D:8      | Found a transporter.
  9311 | D:8      | Noticed a troll
  9315 | D:8      | Reached XP level 9. HP: 39/39 MP: 8/19
  9318 | D:8      | Noticed sirJeffrey23's ghost (novice DrTm)
  9642 | D:8      | Found a transporter.
  9669 | D:8      | Noticed a two-headed ogre
  9679 | D:8      | Killed a two-headed ogre
  9717 | D:8      | Reached skill level 9 in Summonings
  9971 | D:8      | Reached skill level 5 in Fighting
 10132 | D:8      | Found Kuodadgh's Firing Range.
 10263 | D:8      | Noticed Erica
 10278 | D:8      | Killed Erica
 10279 | D:8      | Reached XP level 10. HP: 22/44 MP: 10/22
 10488 | D:9      | Noticed a two-headed ogre
 10494 | D:9      | Killed a two-headed ogre
 10495 | D:9      | Reached skill level 5 in Air Magic
 10584 | D:9      | Noticed a wizard
 10595 | D:9      | Killed a wizard
 10696 | D:9      | Reached skill level 10 in Summonings
 11475 | D:10     | Entered Level 10 of the Dungeon
 11475 | D:10     | Noticed a cyclops
 11484 | D:10     | Killed a cyclops
 11597 | D:10     | Reached XP level 11. HP: 48/48 MP: 16/24
 11629 | D:10     | Found a flagged portal.
 11736 | Bailey   | Entered a bailey
 11749 | Bailey   | Noticed an orc knight
 12156 | Bailey   | Killed an orc knight
 12587 | D:10     | Noticed Erolcha
 12600 | D:10     | Reached skill level 1 in Transmutations
 12605 | D:10     | Killed Erolcha
 12856 | D:10     | Found a staircase to the Lair.
 13194 | D:11     | Reached skill level 11 in Summonings
 13652 | D:11     | Found a staircase to the Orcish Mines.
 13665 | D:11     | Found Iddil's Armour Shop.
 13680 | D:11     | Found a runed translucent gate.
 13680 | D:11     | Noticed a brown ugly thing
 13681 | D:11     | Found a runed translucent gate.
 13681 | D:11     | Noticed Foxy's ghost (journeyman KoBr)
 13682 | D:11     | Found a runed translucent gate.
 13682 | D:11     | Noticed a deep elf pyromancer
 14754 | D:12     | Noticed a centaur warrior
 14763 | D:12     | Killed a centaur warrior
 14764 | D:12     | Reached skill level 1 in Evocations
 14778 | D:12     | Noticed a two-headed ogre
 14787 | D:12     | Killed a two-headed ogre
 14788 | D:12     | Gained mutation: Your thick and shaggy fur keeps you warm.
                  | (AC +3, rC+) [Felid growth]
 14788 | D:12     | Reached XP level 12. HP: 54/54 MP: 9/26
 14846 | D:12     | Noticed a two-headed ogre
 14857 | D:12     | Killed a two-headed ogre
 14942 | D:12     | Reached skill level 10 in Dodging
 14942 | D:12     | Noticed Josephine
 14960 | D:12     | Killed Josephine
 15208 | D:12     | Found the +6 shillelagh "Devastator" {shatter}
 15351 | D:12     | Found Niumaar's Assorted Antiques.
 15359 | D:12     | Bought a scroll labelled KIOKAM UPUNUGASM for 32 gold
                  | pieces
 15359 | D:12     | Bought a scroll labelled QER JOXANE for 32 gold pieces
 15369 | D:12     | Noticed a boulder beetle
 15372 | D:12     | Noticed Rupert
 15387 | D:12     | Killed Rupert
 15388 | D:12     | Reached skill level 10 in Spellcasting
 15398 | D:12     | Killed a boulder beetle
 15411 | D:12     | Reached skill level 12 in Summonings
 15599 | D:12     | Noticed Fannar
 15613 | D:12     | Killed Fannar
 15672 | D:12     | Noticed a two-headed ogre
 15680 | D:12     | Killed a two-headed ogre
 15790 | D:12     | Noticed Psyche
 15798 | D:12     | Killed Psyche
 16330 | D:13     | Noticed a centaur warrior
 16348 | D:13     | Killed a centaur warrior
 16486 | D:13     | Acquired an amulet of magic regeneration
 16670 | D:13     | Noticed a five-headed hydra
 16674 | D:13     | Killed a five-headed hydra
 16991 | D:13     | Noticed a centaur warrior
 16999 | D:13     | Killed a centaur warrior
 17120 | D:13     | Reached skill level 5 in Transmutations
 17120 | D:13     | Reached XP level 13. HP: 58/58 MP: 23/28
 17695 | D:13     | Found a gate to the Vaults.
 17849 | D:14     | Found a portal to a secret trove of treasure.
 17897 | D:14     | Reached skill level 13 in Summonings
 17996 | D:14     | Found a shimmering altar of Xom.
 18036 | D:14     | Reached skill level 5 in Evocations
 18801 | D:15     | Entered Level 15 of the Dungeon
 18887 | D:15     | Noticed a stone giant
 18907 | D:15     | Killed a stone giant
 18974 | D:15     | Found a staircase to the Depths.
 19018 | D:15     | Found an ornate altar of the Wu Jian Council.
 19139 | D:15     | Reached XP level 14. HP: 31/63 MP: 20/30
 19660 | Lair:1   | Entered Level 1 of the Lair of Beasts
 20888 | Lair:1   | Bought the ring "Anivafocw" {rPois rF++ rC- Str+3 Int+6
                  | Stlth+} for 668 gold pieces
 20890 | Lair:1   | Upgraded the game from 0.30-a0-743-gbfdf073431 to
                  | 0.30-a0-757-ga6a79fd877
 21499 | Lair:2   | Found a frozen archway.
 21571 | Lair:2   | Found a staircase to the Shoals.
 21681 | Lair:2   | Found a hole to the Spider Nest.
 22230 | Lair:3   | Learned a level 7 spell: Storm Form
 22340 | Lair:3   | Reached skill level 14 in Summonings
 22423 | Lair:3   | Learned a level 3 spell: Tukima's Dance
 22425 | Lair:3   | Noticed Gastronok
 22529 | Lair:3   | Acquired a book of the Dragon
 22635 | Lair:4   | Noticed Snorg
 22654 | Lair:4   | Slain by Snorg
 22655 | Lair:4   | Reached XP level 13. HP: 0/60 MP: 21/30
 22696 | Lair:4   | Noticed Sonja
 22722 | Lair:4   | Killed Sonja
 22724 | Lair:4   | Killed Snorg
 23714 | Lair:5   | Entered Level 5 of the Lair of Beasts
 24083 | Lair:5   | Reached XP level 14. HP: 35/64 MP: 25/31
 24525 | Lair:5   | Found a staircase to the Slime Pits.
 24844 | Lair:5   | Found a snail-covered altar of Cheibriados.
 25216 | Lair:5   | Bought a book of Spatial Translocations for 252 gold pieces
 25216 | Lair:5   | Bought a manual of Transmutations for 1120 gold pieces
 25219 | Lair:5   | Learned a level 2 spell: Blink
 25555 | Lair:5   | Reached skill level 1 in Translocations
 25847 | Orc:1    | Entered Level 1 of the Orcish Mines
 26058 | Orc:1    | Reached skill level 10 in Fighting
 26631 | Orc:2    | Entered Level 2 of the Orcish Mines
 26631 | Orc:2    | Noticed an orc warlord
 26632 | Orc:2    | Noticed an orc warlord
 26693 | Orc:2    | Killed an orc warlord
 26700 | Orc:2    | Noticed Donald
 26712 | Orc:2    | Killed an orc warlord
 26712 | Orc:2    | Killed Donald
 26713 | Orc:2    | Reached skill level 15 in Summonings
 26784 | Orc:2    | Found a staircase to the Elven Halls.
 27427 | Orc:2    | Reached skill level 10 in Transmutations
 27482 | Orc:2    | Reached XP level 15. HP: 23/69 MP: 5/32
 27995 | Orc:2    | Found Irut's Assorted Antiques.
 27995 | Orc:2    | Found Plog's Antique Weapon Emporium.
 27996 | Orc:2    | Found Ushohus's Antique Weapon Shoppe.
 27996 | Orc:2    | Found Neelipnit's General Store.
 28003 | Orc:2    | Bought a ruby potion for 24 gold pieces
 28006 | Orc:2    | Bought a potion of curing for 33 gold pieces
 28006 | Orc:2    | Bought a scroll of acquirement for 572 gold pieces
 28006 | Orc:2    | Bought a scroll of teleportation for 33 gold pieces
 28166 | Shoals:1 | Entered Level 1 of the Shoals
 28444 | Shoals:1 | Found Hyjeq's Assorted Antiques.
 28474 | Shoals:1 | Bought a scroll labelled KIOKAM UPUNUGASM for 33 gold
                  | pieces
 28474 | Shoals:1 | Bought a scintillating iron ring for 165 gold pieces
 28474 | Shoals:1 | Identified the ring "Rothuler" {Ice rPois rN+} (You bought
                  | it in a shop on level 1 of the Shoals)
 28474 | Shoals:1 | Bought a potion of heal wounds for 165 gold pieces
 28474 | Shoals:1 | Acquired a book of Beasts
 28482 | Shoals:1 | Learned a level 5 spell: Summon Mana Viper
 28490 | Shoals:1 | Learned a level 7 spell: Monstrous Menagerie
 28490 | Shoals:1 | Upgraded the game from 0.30-a0-757-ga6a79fd877 to
                  | 0.30-a0-760-g5a9884bb7c
 28975 | Shoals:1 | Found a runed translucent door.
 28986 | Shoals:1 | Reached skill level 1 in Unarmed Combat
 29012 | Shoals:1 | Found a corrupted altar of Lugonu.
 29012 | Shoals:1 | Found a one-way gate to the infinite horrors of the Abyss.
 29036 | Shoals:1 | Reached skill level 5 in Translocations
 29603 | Shoals:2 | Found a flickering gateway to a bazaar.
 29739 | Bazaar   | Entered a bazaar
 29760 | Bazaar   | Found Anaawamn's Jewellery Boutique.
 29764 | Bazaar   | Found Anawi's Jewellery Boutique.
 29764 | Bazaar   | Found Basutoori's General Store.
 29765 | Bazaar   | Found Qatafuj's Jewellery Boutique.
 29849 | Shoals:2 | Killed from afar by a water nymph
 29850 | Shoals:2 | Reached XP level 14. HP: -4/66 MP: 3/31
 30024 | Shoals:2 | Noticed Polyphemus
 30035 | Shoals:2 | Killed Polyphemus
 30602 | Shoals:3 | Noticed Bai Suzhen
 30687 | Shoals:3 | Noticed Mlioglotl
 30757 | Spider:1 | Entered Level 1 of the Spider Nest
 30767 | Spider:1 | Reached XP level 15. HP: 8/70 MP: 7/32
 30791 | Spider:1 | Reached skill level 10 in Air Magic
 31105 | Spider:1 | Reached skill level 16 in Summonings
 31957 | Spider:1 | Noticed Kirke
 31964 | Spider:1 | Killed Kirke
 32005 | Spider:1 | Reached skill level 5 in Unarmed Combat
 32215 | Spider:2 | Slain by a wolf spider
 32216 | Spider:2 | Reached XP level 14. HP: -4/67 MP: 10/31
 32396 | Spider:2 | You are sucked into a shaft and drop 1 floor!
 32725 | Spider:2 | Mangled by a wolf spider

Illustrated notes

Levels and vault maps discovered:
D:1:      matt_arrival_spirals, layout_basic
D:2:      layout_loops_ring, basic_altar, shapermc_ecumenical_altar_mp_vishouse,
          minivault_27, uniq_crazy_yiuf_cottage
D:3:      layout_rooms, nicolae_eternal_life, serial_park_tiny_2
D:4:      layout_loops_ring, grunt_temple_overflow_cloverleaf
D:5:      layout_gridville, lightli_ossuary_entry_decrepit_ruins
D:6:      layout_gridville, kennysheep_mini, serial_shops, nicolae_stop_n_shop_1
D:7:      layout_cave_pools, minmay_temple_entry_antechambers,
          gammafunk_ghost_icy, uniq_maggie, uniq_joseph
D:8:      layout_cave_pools, gammafunk_ghost_arena, nicolae_shop_firing_range,
          uniq_erica
D:9:      layout_rooms
D:10:     layout_rooms, grunt_lair_entry_orc_guard_hut, enter_bailey_3,
          uniq_erolcha
D:11:     layout_loops_ring, orc_david_3, gammafunk_ghost_split,
          fungi_pond_lemuel
D:12:     layout_small_grid, serial_shops, nicolae_shop_overgrown_old_shop,
          dilly_guarded_unrand_devastator, uniq_psyche, uniq_rupert,
          uniq_josephine, uniq_fannar
D:13:     layout_loops_ring, grunt_vaults_entry_tiered
D:14:     layout_long_grid, enter_trove_0, hangedman_decor_opposing,
          xom_confusion_cloud
D:15:     grunt_enter_depths_giant_problem, layout_cave_pools,
          nzn_wu_jian_council_hall
Temple:   nicolae_temple_bog_church
Lair:1:   lemuel_slime, layout_big_grid, serial_bayou_pond_c, grunt_megastairs_1
Lair:2:   layout_long_grid, elwin_shoals_entry_stream,
          hellmonk_spider_entry_life_and_decay, portal_ice_cave_entry_imps
Lair:3:   layout_chaotic_city, uniq_gastronok
Lair:4:   layout_hall_layers, serial_bayou_shore_b, uniq_snorg, uniq_sonja
Lair:5:   guppyfry_lair_end_dragon, layout_loops_ring,
          nicolae_slime_entry_field_trip, basic_altar
Shoals:1: layout_shoals, serial_shops, shop_coins,
          nicolae_shoals_abyss_on_the_beach
Shoals:2: layout_shoals, serial_shops, bzr_entry_safe, uniq_polyphemus
Shoals:3: layout_shoals, lemuel_altar_in_water, nicolae_shoals_undead_eyrie,
          uniq_ilsuiw, uniq_bai_suzhen, uniq_mlioglotl
Spider:1: layout_cave_pods, einodemon_crawler_minivault,
          hangedman_spider_tarantella_strand, uniq_kirke
Spider:2: nicolae_spider_mines_3
Spider:3: layout_spider_delve
Orc:1:    layout_caves
Orc:2:    st_orc_pillars, layout_caves, uniq_donald

Skill      XL: |  1  2  3  4  5  6  7  8  9 10 11 12 13 14 15 |
---------------+----------------------------------------------+-----
Summonings     | 5 6 8 9 10 11 12 13 15 16 | 16.0
Hexes          | 1 2 3 4 5 7 6 |  7.5
Dodging        | 3 4 5 7 8 9 10 11 14 | 14.5
Fighting       | 1 2 4 5 6 7 8 10 11 | 11.1
Air Magic      | 1 2 4 5 6 7 8 9 10 | 10.5
Spellcasting   | 3 4 6 7 8 9 10 11 12 | 12.8
Transmutations | 3 5 6 12 13 | 13.9
Evocations     | 1 3 5 6 |  6.0
Translocations | 6 5 |  6.2
Unarmed Combat | 3 5 |  5.6
Stealth        | |  2.6

Action                     |  1- 3 |  4- 6 |  7- 9 | 10-12 | 13-15 || total
---------------------------+-------+-------+-------+-------+-------++-------
  Melee: Unarmed           |     5 |    17 |     2 |    15 |   200 ||   239
         Bite              |       |     1 |       |       |    15 ||    16
         Punch             |       |       |       |       |     6 ||     6
   Cast: Summon Small Mamm |    42 |    18 |    15 |     3 |     2 ||    80
         Call Imp          |    13 |    13 |    23 |    14 |    17 ||    80
         Call Canine Famil |     9 |    20 |    40 |    41 |   130 ||   240
         Summon Guardian G |       |     5 |    40 |    68 |   180 ||   293
         Summon Lightning  |       |       |    34 |    84 |   218 ||   336
         Monstrous Menager |       |       |       |       |    80 ||    80
         Tukima's Dance    |       |       |       |       |    31 ||    31
         Summon Mana Viper |       |       |       |       |    40 ||    40
         Storm Form        |       |       |       |       |    26 ||    26
         Blink             |       |       |       |       |     6 ||     6
 Invoke: Call Merchant     |       |       |       |       |     4 ||     4
         Potion Petition   |       |       |       |       |     2 ||     2
Ability: Blinkbolt         |       |       |       |       |    13 ||    13
  Evoke: Wand              |       |       |     4 |     7 |    28 ||    39
         Phial of floods   |       |       |       |       |     4 ||     4
    Use: Scroll            |     2 |     5 |       |     8 |    22 ||    37
         Potion            |       |     2 |     2 |       |    10 ||    14
   Stab: Paralysed         |       |       |       |       |     3 ||     3
         Distracted        |       |       |       |       |     5 ||     5
 Armour: Skin              |     1 |     2 |     2 |     4 |    35 ||    44
  Dodge: Dodged            |    12 |    39 |    43 |    66 |   589 ||   749

Table legend: (Time is in decaauts)
 A = Elapsed time spent in this place.
 B = Non-inter-level travel time spent in this place.
 C = Inter-level travel time spent in this place.
 D = Time resting spent in this place.
 E = Time spent auto-exploring this place.
 F = Levels seen in this place.
 G = Mean time per level.
                   A        B        C        D        E       F      G
               +--------+--------+--------+--------+--------+-----+--------+
         Total |  29603 |  28672 |    931 |   1542 |  19738 |  32 |  925.1 |
       Dungeon |  16161 |  15615 |    546 |    536 |  11760 |  15 | 1077.4 |
        Temple |    185 |    170 |     15 |      0 |    154 |   1 |  185.0 |
          Lair |   5636 |   5404 |    232 |    364 |   3439 |   5 | 1127.2 |
        Shoals |   2309 |   2254 |     55 |      0 |   1509 |   3 |  769.7 |
   Spider Nest |   1862 |   1829 |     33 |    194 |   1087 |   3 |  620.7 |
  Orcish Mines |   2044 |   1997 |     47 |    317 |   1067 |   2 | 1022.0 |
        Bazaar |     72 |     72 |      0 |      0 |     41 |   1 |   72.0 |
       Ossuary |    689 |    689 |      0 |     72 |    286 |   1 |  689.0 |
        Bailey |    642 |    642 |      0 |     59 |    392 |   1 |  642.0 |
               +--------+--------+--------+--------+--------+-----+--------+

Top non-repeatable levels by time:
  Lair:5: 1595 daAuts
     D:5: 1552 daAuts
    D:13: 1478 daAuts
     D:2: 1411 daAuts
    D:11: 1392 daAuts
    D:12: 1386 daAuts
Spider:1: 1351 daAuts
  Lair:1: 1255 daAuts
Shoals:1: 1249 daAuts
  Lair:4: 1216 daAuts
     D:6: 1123 daAuts
   Orc:2: 1096 daAuts
     D:8: 1085 daAuts
     D:4: 1063 daAuts
  Lair:2: 1004 daAuts
